Saguenéens vs Blackdemons
Created - 7 novembre 2014 at 19:38
Goals
|
Saguenéens |
0 |
2 |
0 |
2 |
Blackdemons |
2 |
1 |
2 |
5 |
|
Shots
|
Saguenéens |
9 |
12 |
7 |
28 |
Blackdemons |
14 |
10 |
7 |
31 |
|
1st period
1. Blackdemons , Sam Gagner 11 (Enver Lisin, Andrew MacDonald) at 8:46 (PP)
2. Blackdemons , Matt Calvert 5 (Wayne Primeau, Michael Kostka) at 13:16
Penalties :
Luke Witkowski (Chi) for Delaying the game (Minor) at 8:32, Michael Haley (MJM) for Tripping (Minor) at 9:13, Matt Hunwick (MJM) for Interference (Minor) at 15:36
2nd period
3. Saguenéens , Kyle Brodziak 5 (Evgeny Dadonov, David Rundblad) at 2:01
4. Blackdemons , Wayne Primeau 2 (Andrew MacDonald) at 3:23
5. Saguenéens , Brian Flynn 10 (David Laliberté, Derek Morris) at 9:14
Penalties :
Evgeny Dadonov (Chi) for Slashing (Minor) at 10:45, Zach Boychuk (MJM) for Holding Stick (Minor) at 13:41
3rd period
6. Blackdemons , Enver Lisin 17 (Brendon Nash) at 5:22
7. Blackdemons , Steven Zalewski 1 (Mathieu Dandenault, Andrew MacDonald) at 17:32
Penalties :
Kyle Brodziak (Chi) for Roughing (Minor) at 6:02, Alyn McCauley (MJM) for Holding (Minor) at 13:44
Goalie Stats
James Reimer (Chi), 26 saves from 31 shots - (0,839), L, 4-7-2, 60:00 minutes
Martin Biron (MJM), 26 saves from 28 shots - (0,929), W, 15-1-0, 60:00 minutes
Players Stats for Saguenéens
Player Name G A P +/- PIM S H SB GA TA FO MP PP MP PK MP
------------------------------------------------------------------------------------
Brandon Burlon 0 0 0 1 0 0 0 1 0 1 0/0 11:07 0:17 2:09
Brian Flynn 1 0 1 1 0 1 1 0 0 0 3/8 15:46 4:38 0:07
Bryan Bickell 0 0 0 -2 0 1 0 0 0 1 0/1 13:33 0:02 0:36
David Laliberté 0 1 1 1 0 2 1 0 0 0 0/0 11:30 0:00 2:01
David Moss 0 0 0 -1 0 1 2 1 0 0 2/2 22:16 4:38 1:35
David Rundblad 0 1 1 -2 0 1 1 0 0 2 0/0 24:13 4:03 0:00
David Toews 0 0 0 0 0 1 0 0 0 0 1/3 9:19 0:00 0:00
Derek Morris 0 1 1 1 0 4 2 3 1 2 0/0 28:44 3:36 2:03
Eric Tangradi 0 0 0 1 0 1 2 0 0 0 0/0 9:38 0:02 0:00
Evgeny Dadonov 0 1 1 -1 2 3 2 1 1 1 1/4 21:10 4:40 0:00
Joffrey Lupul 0 0 0 -2 0 0 4 1 0 0 3/3 17:18 3:16 1:56
Kevin Marshall 0 0 0 0 0 1 1 2 0 0 0/0 24:41 3:36 2:03
Kyle Brodziak 1 0 1 -1 2 3 1 0 0 0 9/17 19:47 3:16 1:04
Luke Witkowski 0 0 0 -1 2 1 0 0 0 0 0/0 9:37 0:17 0:00
Marcus Johansson 0 0 0 -2 0 1 3 1 0 1 5/16 16:51 3:16 1:05
Mike Sauer 0 0 0 -3 0 2 2 0 1 0 0/0 21:37 4:03 2:09
Rhett Rakhshani 0 0 0 0 0 2 3 1 0 0 0/1 9:19 0:00 0:00
Tyler McNeely 0 0 0 0 0 3 2 0 0 0 0/0 9:19 0:00 0:00
Players Stats for Blackdemons
Player Name G A P +/- PIM S H SB GA TA FO MP PP MP PK MP
------------------------------------------------------------------------------------
Alyn McCauley 0 0 0 2 2 1 2 0 0 0 0/0 13:56 0:00 0:47
Andrew MacDonald 0 3 3 2 0 2 0 3 1 1 0/0 20:40 1:58 1:21
Barry Tallackson 0 0 0 -1 0 4 3 0 0 0 0/1 13:03 1:49 0:00
Brendon Nash 0 1 1 0 0 0 1 4 1 0 0/0 24:37 2:14 3:14
Calvin de Haan 0 0 0 0 0 0 0 1 0 0 0/0 11:31 0:00 0:00
Enver Lisin 1 1 2 1 0 5 0 0 0 0 1/1 19:00 2:15 2:23
Jakub Kindl 0 0 0 2 0 1 1 0 0 0 0/0 23:52 1:58 4:42
Luca Caputi 0 0 0 0 0 0 1 0 0 1 0/0 10:12 0:08 1:16
Mathieu Dandenault 0 1 1 0 0 5 3 0 0 1 0/1 13:54 0:08 4:40
Matt Calvert 1 0 1 2 0 1 2 0 0 0 0/0 13:04 1:49 0:09
Matt Hunwick 0 0 0 0 2 1 1 3 0 0 0/0 14:44 0:00 3:21
Michael Haley 0 0 0 -1 2 0 4 0 0 0 0/0 15:19 0:08 1:51
Michael Kostka 0 1 1 0 0 1 2 2 2 0 0/0 24:37 2:14 3:14
Sam Gagner 1 0 1 1 0 2 1 2 3 0 9/24 18:08 2:15 0:04
Shawn Matthias 0 0 0 -1 0 0 1 1 0 0 6/8 13:03 1:49 0:00
Steven Zalewski 1 0 1 0 0 2 0 0 0 0 5/6 8:53 0:00 0:00
Wayne Primeau 1 1 2 2 0 6 2 0 1 0 9/13 16:43 0:00 4:42
Zach Boychuk 0 0 0 1 2 0 0 0 0 0 1/1 16:44 2:15 0:00
3 Stars
1 - Wayne Primeau (MJM)
2 - Andrew MacDonald (MJM)
3 - Matt Calvert (MJM)
Power Play
Saguenéens - 0 on 4 Attempt(s) - 0,00%
Blackdemons - 1 on 3 Attempt(s) - 33,33%
Penalty Kill
Saguenéens - 2 on 3 Attempt(s) - 66,67%
- Score 0 goal in Penalty Kill
Blackdemons - 4 on 4 Attempt(s) - 100,00%
- Score 0 goal in Penalty Kill
Official
Referees : Sutherland Kelly and Rehman Kyle
Linesman : Scott Driscoll and David Brisebois
Game Notes
No Game Note
Finance
Level 1 -- Attendance: 1598 (79,90%) -- Ticket Income 47 940 $
Level 2 -- Attendance: 822 (82,20%) -- Ticket Income 8 220 $
Total Attendance: 2420 (80,67%)
Total Ticket Income: 56 160 $
Other Income: 2 808 $
Total Income: 58 968 $
Saguenéens
5 vs 5 Forward
Center Left Wing Right Wing Time % Phy DF OF
1 Kyle Brodziak Evgeny Dadonov David Moss 40 1 2 2
2 Marcus Johansson Bryan Bickell Joffrey Lupul 30 1 2 2
3 Brian Flynn Eric Tangradi David Laliberté 20 1 2 2
4 David Toews Tyler McNeely Rhett Rakhshani 10 1 2 2
5 vs 5 Defense
Defense Defense Time % Phy DF OF
1 Derek Morris Kevin Marshall 37 1 2 2
2 David Rundblad Mike Sauer 33 1 2 2
3 Luke Witkowski David Rundblad 20 1 2 2
4 Derek Morris Brandon Burlon 10 0 2 3
PowerPlay Forward
Center Left Wing Right Wing Time % Phy DF OF
1 Brian Flynn Evgeny Dadonov David Moss 55 1 1 3
2 Marcus Johansson Joffrey Lupul Kyle Brodziak 45 1 1 3
PowerPlay Defense
Defense Defense Time % Phy DF OF
1 Derek Morris Kevin Marshall 50 0 2 3
2 Mike Sauer David Rundblad 50 0 2 3
Penalty Kill 4 Players Forward
Center Wing Time % Phy DF OF
1 Kyle Brodziak David Laliberté 50 1 3 1
2 Joffrey Lupul David Moss 50 2 2 1
Penalty Kill 4 Players Defense
Defense Defense Time % Phy DF OF
1 Brandon Burlon Mike Sauer 50 1 3 1
2 Derek Morris Kevin Marshall 50 1 3 1
Penalty Kill - 3 Players Forward
Forward Time % Phy DF OF
1 Kyle Brodziak 50 1 3 1
2 David Moss 50 1 3 1
Penalty Kill - 3 Players Defense
Defense Defense Time % Phy DF OF
1 Brandon Burlon Mike Sauer 50 1 3 1
2 Derek Morris Kevin Marshall 50 1 3 1
4 vs 4 Forward
Center Wing Time % Phy DF OF
1 Kyle Brodziak Evgeny Dadonov 50 1 1 3
2 Marcus Johansson Joffrey Lupul 50 2 1 2
4 vs 4 Defense
Defense Defense Time % Phy DF OF
1 Brandon Burlon Mike Sauer 50 1 2 2
2 Derek Morris Kevin Marshall 50 1 2 2
Last Minutes Offensive
Center Left Wing Right Wing Defense Defense
Kyle Brodziak Evgeny Dadonov Joffrey Lupul Derek Morris Mike Sauer
Last Minutes Defensive
Center Left Wing Right Wing Defense Defense
Kyle Brodziak Evgeny Dadonov David Moss Derek Morris Mike Sauer
Goaltenders
Starting : James Reimer
Backup : Harru Sateri
Extra Forwards
Normal : Brian Flynn, David Laliberté, Evgeny Dadonov - PP : Eric Tangradi, Bryan Bickell - PK : Joffrey Lupul
Extra Defensemen
Normal : Brandon Burlon, David Rundblad, Mike Sauer - PP : Brandon Burlon - PK : Brandon Burlon, David Rundblad
Penalty Shots
Evgeny Dadonov, David Moss, Joffrey Lupul, Kyle Brodziak, Bryan Bickell
Blackdemons
5 vs 5 Forward
Center Left Wing Right Wing Time % Phy DF OF
1 Sam Gagner Zach Boychuk Enver Lisin 40 0 2 3
2 Shawn Matthias Michael Haley Barry Tallackson 30 4 1 0
3 Wayne Primeau Matt Calvert Alyn McCauley 20 0 4 1
4 Steven Zalewski Luca Caputi Mathieu Dandenault 10 0 5 0
5 vs 5 Defense
Defense Defense Time % Phy DF OF
1 Michael Kostka Brendon Nash 42 1 3 1
2 Andrew MacDonald Jakub Kindl 42 1 3 1
3 Matt Hunwick Calvin de Haan 16 1 3 1
4 Matt Hunwick Calvin de Haan 0 0 5 0
PowerPlay Forward
Center Left Wing Right Wing Time % Phy DF OF
1 Sam Gagner Zach Boychuk Enver Lisin 60 1 0 4
2 Shawn Matthias Matt Calvert Barry Tallackson 40 3 0 2
PowerPlay Defense
Defense Defense Time % Phy DF OF
1 Michael Kostka Brendon Nash 60 1 2 2
2 Andrew MacDonald Jakub Kindl 40 1 2 2
Penalty Kill 4 Players Forward
Center Wing Time % Phy DF OF
1 Wayne Primeau Mathieu Dandenault 70 1 4 0
2 Alyn McCauley Barry Tallackson 30 0 4 1
Penalty Kill 4 Players Defense
Defense Defense Time % Phy DF OF
1 Matt Hunwick Jakub Kindl 60 1 4 0
2 Brendon Nash Michael Kostka 40 1 3 1
Penalty Kill - 3 Players Forward
Forward Time % Phy DF OF
1 Wayne Primeau 60 0 5 0
2 Mathieu Dandenault 40 0 5 0
Penalty Kill - 3 Players Defense
Defense Defense Time % Phy DF OF
1 Matt Hunwick Jakub Kindl 60 1 4 0
2 Brendon Nash Michael Kostka 40 1 4 0
4 vs 4 Forward
Center Wing Time % Phy DF OF
1 Sam Gagner Enver Lisin 60 0 3 2
2 Shawn Matthias Barry Tallackson 40 1 3 1
4 vs 4 Defense
Defense Defense Time % Phy DF OF
1 Michael Kostka Brendon Nash 60 1 3 1
2 Andrew MacDonald Jakub Kindl 40 1 3 1
Last Minutes Offensive
Center Left Wing Right Wing Defense Defense
Sam Gagner Shawn Matthias Enver Lisin Michael Kostka Brendon Nash
Last Minutes Defensive
Center Left Wing Right Wing Defense Defense
Wayne Primeau Alyn McCauley Barry Tallackson Michael Kostka Brendon Nash
Goaltenders
Starting : Martin Biron
Backup : Matt Hackett
Extra Forwards
Normal : Matt Calvert, Steven Zalewski, Shawn Matthias - PP : Matt Calvert, Luca Caputi - PK : Enver Lisin
Extra Defensemen
Normal : Matt Hunwick, Jakub Kindl, Calvin de Haan - PP : Jakub Kindl - PK : Andrew MacDonald, Calvin de Haan
Penalty Shots
Barry Tallackson, Enver Lisin, Shawn Matthias, Wayne Primeau, Alyn McCauley
% Time on Ice - Saguenéens
Lines # - Real PCT - Wanted PCT - Time Play
Normal Forward
1 - 35% - 40% - 16:37
2 - 26% - 30% - 12:27
3 - 20% - 20% - 9:29
4 - 19% - 10% - 9:19
Normal Defense
1 - 36% - 37% - 17:13
2 - 33% - 33% - 15:49
3 - 19% - 20% - 8:52
4 - 12% - 10% - 5:58
PP Forward
1 - 59% - 55% - 4:40
2 - 41% - 45% - 3:16
PP Defense
1 - 49% - 50% - 3:53
2 - 51% - 50% - 4:03
PK Forward
1 - 56% - 50% - 2:22
2 - 44% - 50% - 1:50
PK Defense
1 - 51% - 50% - 2:09
2 - 49% - 50% - 2:03
PK3 Forward
1 - 0% - 50%
2 - 0% - 50%
PK3 Defense
1 - 0% - 50%
2 - 0% - 50%
44 Forward
1 - 0% - 50%
2 - 0% - 50%
44 Defense
1 - 0% - 50%
2 - 0% - 50%
Last Minute Offensive - 0:00
Last Minute Defensive - 0:00
Total
Forward - 60:00
Defense - 60:00
|
% Time on Ice - Blackdemons
Lines # - Real PCT - Wanted PCT - Time Play
Normal Forward
1 - 35% - 40% - 16:39
2 - 23% - 30% - 11:14
3 - 24% - 20% - 11:43
4 - 17% - 10% - 8:16
Normal Defense
1 - 36% - 42% - 17:18
2 - 40% - 42% - 19:20
3 - 20% - 16% - 9:44
4 - 3% - 0% - 1:30
PP Forward
1 - 57% - 60% - 2:23
2 - 43% - 40% - 1:49
PP Defense
1 - 53% - 60% - 2:14
2 - 47% - 40% - 1:58
PK Forward
1 - 100% - 70% - 7:56
2 - 0% - 30% - 0:00
PK Defense
1 - 59% - 60% - 4:42
2 - 41% - 40% - 3:14
PK3 Forward
1 - 0% - 60%
2 - 0% - 40%
PK3 Defense
1 - 0% - 60%
2 - 0% - 40%
44 Forward
1 - 0% - 60%
2 - 0% - 40%
44 Defense
1 - 0% - 60%
2 - 0% - 40%
Last Minute Offensive - 0:00
Last Minute Defensive - 0:00
Total
Forward - 60:00
Defense - 60:00
|
Play by Play
1st period
0:01 of 1st period - Sam Gagner wins face-off versus Evgeny Dadonov in neutral zone.
0:08 of 1st period - Snap shot by Enver Lisin.
0:08 of 1st period - Stopped by James Reimer without a rebound.
0:09 of 1st period - Sam Gagner wins face-off versus Kyle Brodziak in Saguenéens zone.
1:26 of 1st period - Wrist shot by Enver Lisin.
1:26 of 1st period - Stopped by James Reimer with a rebound.
1:34 of 1st period - Slapshot by Derek Morris.
1:34 of 1st period - Shot Blocked by Michael Kostka.
1:36 of 1st period - Snap shot by Kyle Brodziak.
1:36 of 1st period - Shot Blocked by Sam Gagner.
1:38 of 1st period - Slapshot by Derek Morris.
1:38 of 1st period - Stopped by Martin Biron with a rebound.
1:40 of 1st period - Backhand shot by Derek Morris.
1:40 of 1st period - Shot Misses the Net.
1:42 of 1st period - Snap shot by Kyle Brodziak.
1:42 of 1st period - Shot Blocked by Michael Kostka.
1:44 of 1st period - Slapshot by Derek Morris.
1:44 of 1st period - Stopped by Martin Biron without a rebound.
1:45 of 1st period - Marcus Johansson wins face-off versus Shawn Matthias in Blackdemons zone.
2:20 of 1st period - Wrist shot by Brian Flynn.
2:20 of 1st period - Shot Misses the Net.
2:30 of 1st period - Andrew MacDonald is hit by Rhett Rakhshani and loses puck.
2:39 of 1st period - Snap shot by Rhett Rakhshani.
2:39 of 1st period - Stopped by Martin Biron with a rebound.
3:16 of 1st period - Snap shot by Eric Tangradi.
3:16 of 1st period - Stopped by Martin Biron with a rebound.
3:18 of 1st period - Slapshot by Luke Witkowski.
3:18 of 1st period - Stopped by Martin Biron without a rebound.
3:19 of 1st period - David Toews wins face-off versus Shawn Matthias in Blackdemons zone.
3:32 of 1st period - Slapshot by David Rundblad.
3:32 of 1st period - Stopped by Martin Biron with a rebound.
3:34 of 1st period - Slapshot by Mike Sauer.
3:34 of 1st period - Deflect By Barry Tallackson.
3:34 of 1st period - Stopped by Martin Biron with a rebound.
3:53 of 1st period - Wrist shot by Mathieu Dandenault.
3:53 of 1st period - Stopped by James Reimer with a rebound.
3:55 of 1st period - Wrist shot by Luca Caputi.
3:55 of 1st period - Shot Blocked by Brandon Burlon.
4:14 of 1st period - Slapshot by Matt Calvert.
4:14 of 1st period - Shot Blocked by Derek Morris.
4:28 of 1st period - David Rundblad is hit by Barry Tallackson and loses puck.
4:47 of 1st period - Enver Lisin is hit by David Rundblad.
5:02 of 1st period - Jakub Kindl is hit by Evgeny Dadonov and loses puck.
5:13 of 1st period - David Laliberté is hit by Mathieu Dandenault.
5:17 of 1st period - Jakub Kindl is hit by Eric Tangradi and loses puck.
5:55 of 1st period - Michael Kostka is hit by Tyler McNeely.
5:59 of 1st period - Derek Morris is hit by Matt Hunwick and loses puck.
6:22 of 1st period - Icing by Enver Lisin.
6:23 of 1st period - Zach Boychuk wins face-off versus Kyle Brodziak in Blackdemons zone.
6:46 of 1st period - Snap shot by Enver Lisin.
6:46 of 1st period - Shot Misses the Net.
6:48 of 1st period - Wrist shot by Matt Hunwick.
6:48 of 1st period - Stopped by James Reimer with a rebound.
6:51 of 1st period - Icing by David Rundblad.
6:52 of 1st period - Shawn Matthias wins face-off versus Kyle Brodziak in Saguenéens zone.
7:37 of 1st period - Snap shot by David Moss.
7:37 of 1st period - Shot Misses the Net.
7:39 of 1st period - Slapshot by David Rundblad.
7:39 of 1st period - Shot Misses the Net.
7:41 of 1st period - Slapshot by Mike Sauer.
7:41 of 1st period - Stopped by Martin Biron without a rebound.
7:42 of 1st period - Sam Gagner wins face-off versus Marcus Johansson in Blackdemons zone.
7:42 of 1st period - Sam Gagner is hit by Joffrey Lupul.
7:56 of 1st period - Wrist shot by Enver Lisin.
7:56 of 1st period - Stopped by James Reimer with a rebound.
8:08 of 1st period - Brendon Nash is hit by Rhett Rakhshani and loses puck.
8:32 of 1st period - Minor Penalty to Luke Witkowski for Delaying the game.
8:33 of 1st period - Joffrey Lupul wins face-off versus Sam Gagner in Saguenéens zone.
8:46 of 1st period - Wrist shot by Sam Gagner.
8:46 of 1st period - Goal by Sam Gagner - Saguenéens : 0 - Blackdemons : 1.
8:47 of 1st period - Shawn Matthias wins face-off versus Bryan Bickell in neutral zone.
8:54 of 1st period - Wrist shot by Barry Tallackson.
8:54 of 1st period - Shot Misses the Net.
8:56 of 1st period - Slapshot by Jakub Kindl.
8:56 of 1st period - Shot Misses the Net.
8:58 of 1st period - Slapshot by Jakub Kindl.
8:58 of 1st period - Stopped by James Reimer without a rebound.
8:59 of 1st period - Sam Gagner wins face-off versus Marcus Johansson in Saguenéens zone.
9:10 of 1st period - Snap shot by Derek Morris.
9:10 of 1st period - Deflect By Joffrey Lupul.
9:10 of 1st period - Shot Hit the Post.
9:10 of 1st period - Puck is out of play.
9:11 of 1st period - Shawn Matthias wins face-off versus Marcus Johansson in Blackdemons zone.
9:13 of 1st period - Minor Penalty to Michael Haley for Tripping.
9:14 of 1st period - Wayne Primeau wins face-off versus Brian Flynn in Blackdemons zone.
11:02 of 1st period - Enver Lisin is hit by David Moss and loses puck.
11:13 of 1st period - Penalty to Michael Haley is over, Michael Haley is back on ice.
11:20 of 1st period - Backhand shot by Wayne Primeau.
11:20 of 1st period - Stopped by James Reimer without a rebound.
11:21 of 1st period - Shawn Matthias wins face-off versus David Toews in Saguenéens zone.
11:22 of 1st period - Slapshot by Barry Tallackson.
11:22 of 1st period - Stopped by James Reimer without a rebound.
11:23 of 1st period - Shawn Matthias wins face-off versus Rhett Rakhshani in Saguenéens zone.
12:41 of 1st period - Icing by Michael Kostka.
12:42 of 1st period - Wayne Primeau wins face-off versus Marcus Johansson in Blackdemons zone.
13:08 of 1st period - Wrist shot by Michael Kostka.
13:08 of 1st period - Shot Blocked by Marcus Johansson.
13:10 of 1st period - Slapshot by Michael Kostka.
13:10 of 1st period - Shot Misses the Net.
13:16 of 1st period - Slapshot by Matt Calvert.
13:16 of 1st period - Goal by Matt Calvert - Saguenéens : 0 - Blackdemons : 2.
13:17 of 1st period - Sam Gagner wins face-off versus Evgeny Dadonov in neutral zone.
13:24 of 1st period - Snap shot by Sam Gagner.
13:24 of 1st period - Stopped by James Reimer with a rebound.
13:47 of 1st period - Kevin Marshall is hit by Michael Haley and loses puck.
14:12 of 1st period - Snap shot by Marcus Johansson.
14:12 of 1st period - Stopped by Martin Biron with a rebound.
14:30 of 1st period - Brendon Nash is hit by Marcus Johansson and loses puck.
15:36 of 1st period - Minor Penalty to Matt Hunwick for Interference.
15:37 of 1st period - Wayne Primeau wins face-off versus Brian Flynn in Blackdemons zone.
15:51 of 1st period - Snap shot by Mathieu Dandenault.
15:51 of 1st period - Stopped by James Reimer without a rebound.
15:52 of 1st period - Marcus Johansson wins face-off versus Wayne Primeau in Saguenéens zone.
16:03 of 1st period - Snap shot by Kyle Brodziak.
16:03 of 1st period - Shot Misses the Net.
16:40 of 1st period - Snap shot by Andrew MacDonald.
16:40 of 1st period - Stopped by James Reimer without a rebound.
16:41 of 1st period - Enver Lisin wins face-off versus Marcus Johansson in Saguenéens zone.
16:54 of 1st period - Snap shot by Enver Lisin.
16:54 of 1st period - Stopped by James Reimer without a rebound.
16:55 of 1st period - Wayne Primeau wins face-off versus Brian Flynn in Saguenéens zone.
17:28 of 1st period - Michael Kostka is hit by Kyle Brodziak and loses puck.
17:36 of 1st period - Penalty to Matt Hunwick is over, Matt Hunwick is back on ice.
17:55 of 1st period - Tyler McNeely is hit by Michael Kostka and loses puck.
18:16 of 1st period - Snap shot by Shawn Matthias.
18:16 of 1st period - Shot Misses the Net.
18:37 of 1st period - Kyle Brodziak is hit by Alyn McCauley.
19:21 of 1st period - Matt Hunwick is hit by Derek Morris and loses puck.
19:37 of 1st period - Kevin Marshall is hit by Luca Caputi and loses puck.
Goals for this period are 0 for Saguenéens vs 2 for Blackdemons.
Shots for this period are 9 for Saguenéens vs 14 for Blackdemons.
2nd period
0:01 of 2nd period - Sam Gagner wins face-off versus Kyle Brodziak in neutral zone.
0:16 of 2nd period - Slapshot by Derek Morris.
0:16 of 2nd period - Shot Misses the Net.
0:49 of 2nd period - Jakub Kindl is hit by Mike Sauer and loses puck.
0:56 of 2nd period - Slapshot by Rhett Rakhshani.
0:56 of 2nd period - Shot Misses the Net.
0:58 of 2nd period - Snap shot by Tyler McNeely.
0:58 of 2nd period - Shot Blocked by Andrew MacDonald.
1:20 of 2nd period - Matt Hunwick is hit by David Laliberté and loses puck.
1:31 of 2nd period - Calvin de Haan is hit by Derek Morris and loses puck.
1:38 of 2nd period - Snap shot by Bryan Bickell.
1:38 of 2nd period - Shot Blocked by Matt Hunwick.
1:40 of 2nd period - Snap shot by Marcus Johansson.
1:40 of 2nd period - Shot Misses the Net.
1:42 of 2nd period - Snap shot by Joffrey Lupul.
1:42 of 2nd period - Shot Blocked by Matt Hunwick.
1:44 of 2nd period - Slapshot by Bryan Bickell.
1:44 of 2nd period - Shot Misses the Net.
1:59 of 2nd period - Wrist shot by Evgeny Dadonov.
1:59 of 2nd period - Shot Misses the Net.
2:01 of 2nd period - Wrist shot by Kyle Brodziak.
2:01 of 2nd period - Goal by Kyle Brodziak - Saguenéens : 1 - Blackdemons : 2.
2:02 of 2nd period - David Moss wins face-off versus Sam Gagner in neutral zone.
2:27 of 2nd period - Sam Gagner is hit by Eric Tangradi and loses puck.
2:53 of 2nd period - David Rundblad is hit by Barry Tallackson and loses puck.
3:02 of 2nd period - Snap shot by Shawn Matthias.
3:02 of 2nd period - Shot Blocked by Joffrey Lupul.
3:05 of 2nd period - Icing by Mike Sauer.
3:06 of 2nd period - Wayne Primeau wins face-off versus Marcus Johansson in Saguenéens zone.
3:11 of 2nd period - Wrist shot by Alyn McCauley.
3:11 of 2nd period - Stopped by James Reimer without a rebound.
3:12 of 2nd period - Wayne Primeau wins face-off versus Kyle Brodziak in Saguenéens zone.
3:23 of 2nd period - Snap shot by Wayne Primeau.
3:23 of 2nd period - Goal by Wayne Primeau - Saguenéens : 1 - Blackdemons : 3.
3:24 of 2nd period - Evgeny Dadonov wins face-off versus Sam Gagner in neutral zone.
3:26 of 2nd period - Off-side.
3:27 of 2nd period - Kyle Brodziak wins face-off versus Sam Gagner in neutral zone.
3:34 of 2nd period - Snap shot by Evgeny Dadonov.
3:34 of 2nd period - Deflect By Kyle Brodziak.
3:34 of 2nd period - Stopped by Martin Biron without a rebound.
3:35 of 2nd period - Sam Gagner wins face-off versus Kyle Brodziak in Blackdemons zone.
4:00 of 2nd period - Kevin Marshall is hit by Shawn Matthias and loses puck.
4:47 of 2nd period - Snap shot by Rhett Rakhshani.
4:47 of 2nd period - Shot Blocked by Andrew MacDonald.
5:27 of 2nd period - Bryan Bickell is hit by Michael Haley and loses puck.
6:47 of 2nd period - Wrist shot by Bryan Bickell.
6:47 of 2nd period - Deflect By Marcus Johansson.
6:47 of 2nd period - Shot Blocked by Shawn Matthias.
6:47 of 2nd period - Puck is out of play.
6:48 of 2nd period - Marcus Johansson wins face-off versus Sam Gagner in Blackdemons zone.
6:49 of 2nd period - Snap shot by Bryan Bickell.
6:49 of 2nd period - Stopped by Martin Biron with a rebound.
7:24 of 2nd period - Slapshot by Marcus Johansson.
7:24 of 2nd period - Shot Blocked by Calvin de Haan.
7:26 of 2nd period - Wrist shot by Bryan Bickell.
7:26 of 2nd period - Shot Misses the Net.
7:28 of 2nd period - Wrist shot by Bryan Bickell.
7:28 of 2nd period - Deflect By Marcus Johansson.
7:28 of 2nd period - Shot Misses the Net.
7:28 of 2nd period - Puck is out of play.
7:29 of 2nd period - Kyle Brodziak wins face-off versus Wayne Primeau in Blackdemons zone.
7:32 of 2nd period - Snap shot by David Moss.
7:32 of 2nd period - Shot Misses the Net.
7:38 of 2nd period - Snap shot by David Moss.
7:38 of 2nd period - Shot Misses the Net.
7:40 of 2nd period - Snap shot by Evgeny Dadonov.
7:40 of 2nd period - Shot Misses the Net.
7:42 of 2nd period - Slapshot by Kevin Marshall.
7:42 of 2nd period - Deflect By Brendon Nash.
7:42 of 2nd period - Stopped by Martin Biron with a rebound.
7:44 of 2nd period - Slapshot by Derek Morris.
7:44 of 2nd period - Stopped by Martin Biron without a rebound.
7:45 of 2nd period - Brian Flynn wins face-off versus Sam Gagner in Blackdemons zone.
7:54 of 2nd period - Wrist shot by Eric Tangradi.
7:54 of 2nd period - Shot Misses the Net.
8:24 of 2nd period - Wrist shot by David Laliberté.
8:24 of 2nd period - Shot Misses the Net.
9:01 of 2nd period - Mike Sauer is hit by Barry Tallackson and loses puck.
9:12 of 2nd period - Wrist shot by David Laliberté.
9:12 of 2nd period - Shot Misses the Net.
9:14 of 2nd period - Slapshot by Brian Flynn.
9:14 of 2nd period - Goal by Brian Flynn - Saguenéens : 2 - Blackdemons : 3.
9:15 of 2nd period - Sam Gagner wins face-off versus Kyle Brodziak in neutral zone.
9:18 of 2nd period - Snap shot by Zach Boychuk.
9:18 of 2nd period - Shot Misses the Net.
9:20 of 2nd period - Wrist shot by Sam Gagner.
9:20 of 2nd period - Shot Blocked by Derek Morris.
9:49 of 2nd period - Andrew MacDonald is hit by Joffrey Lupul and loses puck.
10:24 of 2nd period - Snap shot by Steven Zalewski.
10:24 of 2nd period - Deflect By Mathieu Dandenault.
10:24 of 2nd period - Stopped by James Reimer without a rebound.
10:25 of 2nd period - Kyle Brodziak wins face-off versus Steven Zalewski in Saguenéens zone.
10:45 of 2nd period - Minor Penalty to Evgeny Dadonov for Slashing.
10:46 of 2nd period - Joffrey Lupul wins face-off versus Sam Gagner in Saguenéens zone.
10:46 of 2nd period - Joffrey Lupul is hit by Brendon Nash.
11:17 of 2nd period - Wrist shot by Barry Tallackson.
11:17 of 2nd period - Shot Misses the Net.
11:19 of 2nd period - Slapshot by Brendon Nash.
11:19 of 2nd period - Deflect By Barry Tallackson.
11:19 of 2nd period - Stopped by James Reimer with a rebound.
11:21 of 2nd period - Snap shot by Barry Tallackson.
11:21 of 2nd period - Stopped by James Reimer with a rebound.
12:45 of 2nd period - Penalty to Evgeny Dadonov is over, Evgeny Dadonov is back on ice.
12:46 of 2nd period - Derek Morris is hit by Mathieu Dandenault and loses puck.
13:12 of 2nd period - Derek Morris is hit by Wayne Primeau and loses puck.
13:17 of 2nd period - Snap shot by Wayne Primeau.
13:17 of 2nd period - Shot Blocked by Kevin Marshall.
13:19 of 2nd period - Slapshot by Brendon Nash.
13:19 of 2nd period - Shot Blocked by Rhett Rakhshani.
13:31 of 2nd period - Snap shot by David Laliberté.
13:31 of 2nd period - Stopped by Martin Biron with a rebound.
13:33 of 2nd period - Snap shot by David Laliberté.
13:33 of 2nd period - Shot Misses the Net.
13:35 of 2nd period - Wrist shot by Eric Tangradi.
13:35 of 2nd period - Shot Misses the Net.
13:41 of 2nd period - Minor Penalty to Zach Boychuk for Holding Stick.
13:42 of 2nd period - Wayne Primeau wins face-off versus Brian Flynn in Blackdemons zone.
13:53 of 2nd period - Slapshot by Brendon Nash.
13:53 of 2nd period - Shot Blocked by Evgeny Dadonov.
13:55 of 2nd period - Slapshot by Wayne Primeau.
13:55 of 2nd period - Stopped by James Reimer with a rebound.
14:07 of 2nd period - Wayne Primeau is hit by Marcus Johansson and loses puck.
14:56 of 2nd period - David Rundblad is hit by Alyn McCauley and loses puck.
15:29 of 2nd period - Luke Witkowski is hit by Jakub Kindl and loses puck.
15:41 of 2nd period - Penalty to Zach Boychuk is over, Zach Boychuk is back on ice.
15:56 of 2nd period - Snap shot by Rhett Rakhshani.
15:56 of 2nd period - Stopped by Martin Biron with a rebound.
15:58 of 2nd period - Slapshot by Brandon Burlon.
15:58 of 2nd period - Shot Blocked by Brendon Nash.
16:00 of 2nd period - Wrist shot by Tyler McNeely.
16:00 of 2nd period - Stopped by Martin Biron with a rebound.
16:02 of 2nd period - Backhand shot by Tyler McNeely.
16:02 of 2nd period - Deflect By David Toews.
16:02 of 2nd period - Stopped by Martin Biron with a rebound.
16:04 of 2nd period - Slapshot by Derek Morris.
16:04 of 2nd period - Stopped by Martin Biron with a rebound.
16:29 of 2nd period - Off-side.
16:30 of 2nd period - Marcus Johansson wins face-off versus Barry Tallackson in neutral zone.
17:07 of 2nd period - Snap shot by Steven Zalewski.
17:07 of 2nd period - Stopped by James Reimer without a rebound.
17:08 of 2nd period - Steven Zalewski wins face-off versus Kyle Brodziak in Saguenéens zone.
17:15 of 2nd period - Wrist shot by Evgeny Dadonov.
17:15 of 2nd period - Shot Blocked by Matt Hunwick.
17:17 of 2nd period - Snap shot by Kyle Brodziak.
17:17 of 2nd period - Stopped by Martin Biron without a rebound.
17:18 of 2nd period - Kyle Brodziak wins face-off versus Sam Gagner in Blackdemons zone.
17:22 of 2nd period - Icing by Michael Kostka.
17:23 of 2nd period - David Moss wins face-off versus Sam Gagner in Blackdemons zone.
17:30 of 2nd period - Snap shot by Zach Boychuk.
17:30 of 2nd period - Shot Misses the Net.
17:54 of 2nd period - Wrist shot by Michael Kostka.
17:54 of 2nd period - Stopped by James Reimer with a rebound.
17:56 of 2nd period - Snap shot by Barry Tallackson.
17:56 of 2nd period - Shot Misses the Net.
18:08 of 2nd period - Matt Calvert is hit by Kevin Marshall and loses puck.
18:15 of 2nd period - Slapshot by Andrew MacDonald.
18:15 of 2nd period - Stopped by James Reimer without a rebound.
18:16 of 2nd period - Kyle Brodziak wins face-off versus Sam Gagner in Saguenéens zone.
19:56 of 2nd period - Wrist shot by Wayne Primeau.
19:56 of 2nd period - Stopped by James Reimer without a rebound.
19:57 of 2nd period - Marcus Johansson wins face-off versus Sam Gagner in Saguenéens zone.
Goals for this period are 2 for Saguenéens vs 1 for Blackdemons.
Shots for this period are 12 for Saguenéens vs 10 for Blackdemons.
3rd period
0:01 of 3rd period - Kyle Brodziak wins face-off versus Sam Gagner in neutral zone.
1:27 of 3rd period - Slapshot by Rhett Rakhshani.
1:27 of 3rd period - Shot Misses the Net.
1:29 of 3rd period - Slapshot by Luke Witkowski.
1:29 of 3rd period - Shot Misses the Net.
1:40 of 3rd period - Snap shot by David Rundblad.
1:40 of 3rd period - Shot Blocked by Brendon Nash.
1:42 of 3rd period - Snap shot by Tyler McNeely.
1:42 of 3rd period - Stopped by Martin Biron without a rebound.
1:43 of 3rd period - Kyle Brodziak wins face-off versus Sam Gagner in Blackdemons zone.
1:44 of 3rd period - Wrist shot by Evgeny Dadonov.
1:44 of 3rd period - Shot Misses the Net.
2:00 of 3rd period - Mike Sauer is hit by Sam Gagner and loses puck.
2:13 of 3rd period - Andrew MacDonald is hit by Marcus Johansson and loses puck.
2:36 of 3rd period - Wrist shot by Derek Morris.
2:36 of 3rd period - Shot Blocked by Andrew MacDonald.
3:16 of 3rd period - Brendon Nash is hit by Joffrey Lupul and loses puck.
4:30 of 3rd period - Wrist shot by Wayne Primeau.
4:30 of 3rd period - Stopped by James Reimer with a rebound.
4:36 of 3rd period - Brandon Burlon is hit by Wayne Primeau and loses puck.
4:51 of 3rd period - Kevin Marshall is hit by Michael Haley.
5:17 of 3rd period - Kyle Brodziak is hit by Michael Kostka and loses puck.
5:22 of 3rd period - Snap shot by Enver Lisin.
5:22 of 3rd period - Goal by Enver Lisin - Saguenéens : 2 - Blackdemons : 4.
5:23 of 3rd period - Sam Gagner wins face-off versus Evgeny Dadonov in neutral zone.
5:59 of 3rd period - Wrist shot by Barry Tallackson.
5:59 of 3rd period - Stopped by James Reimer without a rebound.
6:00 of 3rd period - Kyle Brodziak wins face-off versus Wayne Primeau in Saguenéens zone.
6:02 of 3rd period - Minor Penalty to Kyle Brodziak for Roughing.
6:03 of 3rd period - Joffrey Lupul wins face-off versus Sam Gagner in Saguenéens zone.
6:13 of 3rd period - Wrist shot by Enver Lisin.
6:13 of 3rd period - Shot Misses the Net.
7:15 of 3rd period - Brandon Burlon is hit by Matt Calvert and loses puck.
8:01 of 3rd period - Kevin Marshall is hit by Mathieu Dandenault and loses puck.
8:02 of 3rd period - Penalty to Kyle Brodziak is over, Kyle Brodziak is back on ice.
9:20 of 3rd period - Brendon Nash is hit by Tyler McNeely and loses puck.
9:31 of 3rd period - Michael Haley is hit by Joffrey Lupul and loses puck.
9:55 of 3rd period - Wrist shot by Mathieu Dandenault.
9:55 of 3rd period - Shot Misses the Net.
11:29 of 3rd period - Bryan Bickell is hit by Matt Calvert and loses puck.
11:47 of 3rd period - Luca Caputi is hit by Rhett Rakhshani and loses puck.
11:56 of 3rd period - Snap shot by Rhett Rakhshani.
11:56 of 3rd period - Shot Misses the Net.
12:29 of 3rd period - Michael Haley is hit by Brian Flynn and loses puck.
12:34 of 3rd period - Wrist shot by Brian Flynn.
12:34 of 3rd period - Deflect By David Laliberté.
12:34 of 3rd period - Stopped by Martin Biron without a rebound.
12:35 of 3rd period - Shawn Matthias wins face-off versus Marcus Johansson in Blackdemons zone.
12:47 of 3rd period - Off-side.
12:48 of 3rd period - Kyle Brodziak wins face-off versus Sam Gagner in neutral zone.
13:33 of 3rd period - Snap shot by Tyler McNeely.
13:33 of 3rd period - Stopped by Martin Biron without a rebound.
13:34 of 3rd period - Wayne Primeau wins face-off versus David Toews in Blackdemons zone.
13:44 of 3rd period - Minor Penalty to Alyn McCauley for Holding.
13:45 of 3rd period - Brian Flynn wins face-off versus Wayne Primeau in Blackdemons zone.
13:47 of 3rd period - Slapshot by Derek Morris.
13:47 of 3rd period - Deflect By Brian Flynn.
13:47 of 3rd period - Shot Misses the Net.
13:47 of 3rd period - Puck is out of play.
13:48 of 3rd period - Brian Flynn wins face-off versus Mathieu Dandenault in Blackdemons zone.
13:53 of 3rd period - Wrist shot by David Moss.
13:53 of 3rd period - Shot Misses the Net.
13:57 of 3rd period - Wrist shot by Evgeny Dadonov.
13:57 of 3rd period - Stopped by Martin Biron with a rebound.
13:59 of 3rd period - Backhand shot by David Moss.
13:59 of 3rd period - Stopped by Martin Biron with a rebound.
14:13 of 3rd period - Snap shot by Evgeny Dadonov.
14:13 of 3rd period - Stopped by Martin Biron with a rebound.
14:35 of 3rd period - Wrist shot by David Moss.
14:35 of 3rd period - Shot Blocked by Brendon Nash.
14:37 of 3rd period - Wrist shot by Evgeny Dadonov.
14:37 of 3rd period - Stopped by Martin Biron without a rebound.
14:38 of 3rd period - Wayne Primeau wins face-off versus Marcus Johansson in Blackdemons zone.
14:38 of 3rd period - Wayne Primeau is hit by Mike Sauer.
14:52 of 3rd period - Snap shot by Joffrey Lupul.
14:52 of 3rd period - Shot Misses the Net.
14:54 of 3rd period - Snap shot by Joffrey Lupul.
14:54 of 3rd period - Shot Misses the Net.
15:35 of 3rd period - Brendon Nash is hit by Evgeny Dadonov and loses puck.
15:44 of 3rd period - Penalty to Alyn McCauley is over, Alyn McCauley is back on ice.
15:51 of 3rd period - Brian Flynn is hit by Michael Haley and loses puck.
16:08 of 3rd period - Brendon Nash is hit by David Moss and loses puck.
16:45 of 3rd period - Wrist shot by Evgeny Dadonov.
16:45 of 3rd period - Shot Blocked by Brendon Nash.
16:47 of 3rd period - Slapshot by Kevin Marshall.
16:47 of 3rd period - Shot Blocked by Sam Gagner.
17:07 of 3rd period - Snap shot by Sam Gagner.
17:07 of 3rd period - Shot Blocked by Derek Morris.
17:10 of 3rd period - Icing by Derek Morris.
17:11 of 3rd period - Steven Zalewski wins face-off versus Brian Flynn in Saguenéens zone.
17:12 of 3rd period - Snap shot by Mathieu Dandenault.
17:12 of 3rd period - Shot Blocked by David Moss.
17:14 of 3rd period - Slapshot by Steven Zalewski.
17:14 of 3rd period - Shot Misses the Net.
17:16 of 3rd period - Wrist shot by Jakub Kindl.
17:16 of 3rd period - Deflect By Mathieu Dandenault.
17:16 of 3rd period - Shot Misses the Net.
17:16 of 3rd period - Puck is out of play.
17:17 of 3rd period - Steven Zalewski wins face-off versus Marcus Johansson in Saguenéens zone.
17:24 of 3rd period - Snap shot by Mathieu Dandenault.
17:24 of 3rd period - Stopped by James Reimer without a rebound.
17:25 of 3rd period - Steven Zalewski wins face-off versus Marcus Johansson in Saguenéens zone.
17:32 of 3rd period - Snap shot by Steven Zalewski.
17:32 of 3rd period - Goal by Steven Zalewski - Saguenéens : 2 - Blackdemons : 5.
17:33 of 3rd period - Steven Zalewski wins face-off versus Marcus Johansson in neutral zone.
17:49 of 3rd period - Snap shot by Joffrey Lupul.
17:49 of 3rd period - Shot Misses the Net.
18:33 of 3rd period - Wrist shot by Wayne Primeau.
18:33 of 3rd period - Stopped by James Reimer with a rebound.
19:12 of 3rd period - Wrist shot by Mathieu Dandenault.
19:12 of 3rd period - Stopped by James Reimer with a rebound.
19:53 of 3rd period - Slapshot by Michael Kostka.
19:53 of 3rd period - Shot Blocked by Kevin Marshall.
Goals for this period are 0 for Saguenéens vs 2 for Blackdemons.
Shots for this period are 7 for Saguenéens vs 7 for Blackdemons.
Output by the SimonT Hockey Simulator (STHS) for François Prévost -- Original Page W3C XHTML 1.0 Valid